 Dungeon Crawl Stone Soup version 0.22-a0-542-gce4f928 (webtiles) character file.

21 inc the Sneak (level 2, 0/11 HPs)
             Began as a Felid Enchanter on June 24, 2018.
             Slain by an adder (3 damage)
             ... on level 2 of the Dungeon.
             The game lasted 00:01:27 (1717 turns).

inc the Sneak (Felid Enchanter)                     Turns: 1717, Time: 00:01:28

Health: 0/11       AC:  1    Str:  4    XL:     2   Next: 65%
Magic:  5/6        EV: 18    Int: 16    God:
Gold:   63         SH:  0    Dex: 16    Spells: 4/5 levels left
                                        Lives:  0   Deaths: 0

rFire    . . .     SeeInvis +     - Unarmed
rCold    + . .     Gourm    .   (shield unavailable)
rNeg     . . .     Faith    .   (armour unavailable)
rPois    .         Spirit   .   (helmet unavailable)
rElec    .         Reflect  .   (cloak unavailable)
rCorr    .         Harm     .   (gloves unavailable)
MR       .....                  (boots unavailable)
Stlth    ++++......             (no amulet)
HPRegen  0.03/turn              d - ring of protection from cold
MPRegen  0.10/turn              (no ring)

@: quick
A: very small, no armour, no weapons or thrown items, stealth, claws 1, fangs 3,
see invisible, carnivore, speed 1, shaggy fur 1, slow metabolism 1, sharp paws
a: no special abilities


You were on level 2 of the Dungeon.
You were hungry.

You visited 1 branch of the dungeon, and saw 2 of its levels.

You collected 63 gold pieces.

Inventory:

Jewellery
 d - a ring of protection from cold (left paw)
Scrolls
 c - a scroll of enchant weapon {unknown}
 e - a scroll of blinking {unknown}
 g - 5 scrolls of teleportation {unknown}
 i - a scroll of magic mapping {unknown}
 k - 2 scrolls of remove curse {unknown}
 l - a scroll of identify {unknown}
Potions
 a - a potion of haste {unknown}
 f - a potion of resistance {unknown}
 h - a potion of heal wounds {unknown}
 j - a potion of brilliance {unknown}
 m - a potion of flight {unknown}
Comestibles
 b - 2 rations


   Skills:
 - Level 2.6 Dodging
 - Level 5.6 Stealth
 - Level 1.0 Unarmed Combat
 - Level 2.0 Spellcasting
 + Level 4.4 Hexes


You had 4 spell levels left.
You knew the following spells:

 Your Spells              Type           Power        Failure   Level  Hunger
a - Corona                Hex            ###....      3%          1    #......

Your spell library contained the following spells:

 Spells                   Type           Power        Failure   Level  Hunger
 Confuse                  Hex            ###.....     11%         3    ###....
 Tukima's Dance           Hex            ###.....     11%         3    ###....
 Ensorcelled Hibernation  Hex/Ice        #.....       13%         2    ###....
 Dazzling Spray           Conj/Hex       #.....       26%         3    ###....


Dungeon Overview and Level Annotations

Branches:
Dungeon (2/15)

Altars:
Okawaru


Innate Abilities, Weirdness & Mutations

You cannot wear armour.
You are incapable of wielding weapons or throwing items.
Your paws allow you to move quietly. (Stealth)
You have sharp claws.
You have razor-sharp teeth.
You have supernaturally acute eyesight. (SInv)
You are carnivorous and can eat meat at any time.
You cover ground quickly.
You are covered in fur. (AC +1)
You have a slow metabolism.
Your sharp claws are effective at attacking unaware monsters.


Message History

The adder completely misses you.
You scratch the adder.
The adder is heavily wounded.
The adder bites you but does no damage. The adder completely misses you.
You miss the adder.
The adder is heavily wounded.
The adder misses you.
You completely miss the adder.
The adder is heavily wounded.
The adder misses you.
You are feeling hungry.
You barely miss the adder.
The adder is heavily wounded.
The adder bites you.
* * * LOW HITPOINT WARNING * * *
The adder completely misses you.
You barely miss the adder.
The adder is heavily wounded.
The adder bites you.
You die...

#.##...###...#### #.........
#.#...).......# #.....g...
#.#..#.).).#..# ###.........
#.#.##.._..##.# #)..........
###.#..#.).).#..# #...........
#...#...........# #...........
....##...###...## #...........
.....##...#...######..<........
...<....(.......@S.............
......###############.#+######.
#####.# #... ...≈.....≈.#
#....# #.#≈...#..(# #....#
#≈≈≈....### #....#
#K##≈#....#.. #..... .. #l
##≈.≈.≈ ..<..# # ## ##.≈≈


You could see an adder.

Vanquished Creatures
  6 goblins
  2 hobgoblins (D:1)
  4 kobolds
  2 ball pythons (D:1)
  A bat (D:1)
  A frilled lizard (D:1)
  5 rats
21 creatures vanquished.

Notes
Turn   | Place    | Note
-------+----------+-------------------------------------------
     0 | D:1      | inc the Felid Enchanter began the quest for the Orb.
     0 | D:1      | Reached XP level 1. HP: 7/7 MP: 4/4
   703 | D:1      | Reached XP level 2. HP: 10/11 MP: 6/6
   711 | D:1      | Reached skill level 5 in Stealth
  1506 | D:2      | Found an iron altar of Okawaru.
  1717 | D:2      | Slain by an adder

Vault maps used:
D:1:      dpeg_arrival_three_smaller_balls
D:2:      okawaru_ov_weapons_minmay, evilmike_ruin_ashenzari, tgw_xom,
          lemuel_crystal_altar, feat_on_display, uniq_jessica,
          uniq_crazy_yiuf_cottage

Skill      XL: |  1  2 |
---------------+-------+-----
Stealth        | 5 |  5.6
Dodging        | |  2.6
Unarmed Combat | |  1.0
Spellcasting   | |  2.0
Hexes          | |  4.4

Action                   || total
-------------------------++-------
Melee: Unarmed           ||    87
       Bite              ||     2
 Cast: Corona            ||     4
 Stab: Sleeping          ||     7
Armor: Skin              ||     5
Dodge: Dodged            ||    70

Table legend:
 A = Spawn XP
 B = Non-spawn XP
 C = Spawn XP percentage of total XP
 D = Spawn monster count
 E = Non-spawn monster count
 F = Spawn count percentage of total count
 G = Total turns spent on level
                    A         B        C        D         E        F      G
               +---------+---------+-------+---------+---------+-------+---------
         Total |       0 |      31 |   0.0 |       0 |      21 |   0.0 |  1717
               +---------+---------+-------+---------+---------+-------+---------
           D:1 |       0 |      27 |   0.0 |       0 |      18 |   0.0 |  1481
           D:2 |       0 |       4 |   0.0 |       0 |       3 |   0.0 |   236
               +---------+---------+-------+---------+---------+-------+---------
